 Dungeon Crawl Stone Soup version 0.28-a0-1038-g9c4cb8273d (webtiles) character file.

Game seed: 10749997466756422974

441 porpoise the Insei (level 7, -5/48 HPs)
             Began as an Octopode Transmuter on Dec 9, 2021.
             Was a Follower of Elyvilon.
             Slain by Sigmund (11 damage)
             ... on level 6 of the Dungeon.
             The game lasted 00:23:11 (5874 turns).

porpoise the Insei (Octopode Transmuter)            Turns: 5874, Time: 00:23:12

Health: -5/48      AC:  1    Str: 17    XL:     7   Next: 2%
Magic:  10/10      EV: 13    Int: 16    God:    Elyvilon [*.....]
Gold:   138        SH:  0    Dex: 12    Spells: 9/10 levels left

rFire   . . .      SeeInvis .     - Unarmed
rCold   . . .      Faith    .   (no shield)
rNeg    . . .      Spirit   .   (helmet restricted)
rPois   .          Reflect  .   (no amulet)
rElec   .          Harm     .   o - +6 ring of strength
rCorr   .          Rampage  .   (no ring)
Will    .....                   (no ring)
Stlth   +++.......              (no ring)
HPRegen 0.16/turn               (no ring)
MPRegen 0.12/turn               (no ring)
                                (no ring)
                                (no ring)

@: lethally poisoned (-5 -> -14)
A: almost no armour, amphibious, 8 rings, camouflage 1, gelatinous body 1,
(nimble swimmer 1), tentacles
a: Renounce Religion, Purification


You were on level 6 of the Dungeon.
You worshipped Elyvilon.
Elyvilon was aware of your devotion.
You visited 1 branch of the dungeon, and saw 6 of its levels.

You collected 138 gold pieces.

Inventory:

Hand Weapons
 b - a +1 hunting sling
Missiles
 a - 138 stones (quivered)
 g - 6 javelins
 l - 38 bolts
 m - 2 throwing nets
Armour
 h - a +0 buckler
Jewellery
 o - a +6 ring of strength (left tentacle)
Scrolls
 e - a scroll of fog {unknown}
 f - a scroll of amnesia
 n - 2 scrolls of immolation {unknown}
Potions
 c - 3 potions of ambrosia
 d - a potion of cancellation
 j - a potion of lignification


   Skills:
 * Level 4.0 Fighting
 - Level 2.0 Dodging
 + Level 3.9 Stealth
 * Level 5.0 Unarmed Combat
 - Level 2.0 Spellcasting
 + Level 3.3 Transmutations


You had 9 spell levels left.
You knew the following spells:

 Your Spells              Type           Power      Damage    Failure   Level
a - Beastly Appendage     Tmut           24%        N/A       5%          1

Your spell library contained the following spells:

 Spells                   Type           Power      Damage    Failure   Level
 Wereblood                Tmut           12%        N/A       8%          2
 Spider Form              Tmut/Pois      7%         N/A       30%         3
 Ice Form                 Ice/Tmut       7%         N/A       71%         4


Dungeon Overview and Level Annotations

Branches:
Dungeon (7/15)             Temple (0/1) D:7

Altars:
Elyvilon

Annotations:
D:6 Edmund, Sigmund
D:7 Maggie, Pikel


Innate Abilities, Weirdness & Mutations

You cannot wear most types of armour.
You are amphibious.
You can wear up to eight rings at the same time.
Your skin changes colour to match your surroundings (Stealth+).
Your rubbery body absorbs attacks. (AC +1, EV +1)
((You are camouflaged near water. (Stealth+)))
You have tentacles for arms and can constrict up to eight enemies at once.


Message History

You cannot move.
Your magical effects are unravelling.
You feel magically purged.
You feel less wooden.
You feel yourself slow down.
You hear a zap.
A puff of flame appears from out of thin air!
The puff of flame hits you.
Casting: Beastly Appendage (safe; 5% risk of failure)
Confirm with . or Enter, or press ? or * to list all spells.
One of your tentacles grows a vicious spike.
You hear some strange, mumbled words.
A puff of flame appears from out of thin air!
The puff of flame misses you. Something hits you.
You are poisoned.
You tentacle-slap something.
Your tentacle spike misses something.
You feel very sick.
You completely miss something.
You pierce something.
Your squeeze misses something.
You feel sick. Something barely misses you.
You tentacle-slap something.
You feel sick. Something barely misses you.
You tentacle-slap something.
You pierce something.
Your squeeze misses something.
You feel sick.
You tentacle-slap something but do no damage.
Your tentacle-slap misses something.
You feel sick. Something barely misses you.
You barely miss something.
You feel sick.
You miss something.
You pierce something.
You feel sick.
You hear a zap.
A puff of flame appears from out of thin air!
The puff of flame hits you!
You barely miss something.
Your tentacle spike misses something.
You feel sick. Something hits you!
* * * LOW HITPOINT WARNING * * *
You are lethally poisoned!
Your magical effects are unravelling.
You feel magically purged.
Your tentacle spike disappears.
* * * LOW HITPOINT WARNING * * *
You feel sick. Something hits you!
You die...

#........ #....... .....#
#...# #### #.# ..# #.# ##.
#.# #.########
..l..####.###.#......#
.$.....$...@{....(.#.#
.....####.###.#.##.#.#######
... #.# #.#.##.......... #
..# #.#....#.####### ####
#.#......# #...###.## ....##
##.# ...#.# .# #. #. #


There were no monsters in sight!

Vanquished Creatures
  A wyvern (D:7)
  A lemure (D:7)
  A centaur zombie (D:7)
  Crazy Yiuf (D:2)
  Natasha (twice) (D:2)
  An orc wizard (D:7)
  4 gnolls (D:3)
  5 adders
  A shadow imp (D:7)
  A dart slug (D:3)
  8 orcs (D:7)
  10 bats
  2 endoplasms
  4 giant cockroaches
  6 hobgoblins
  6 kobolds
  A quokka (D:2)
  5 ball pythons
  4 frilled lizards
  2 goblins
  5 rats
71 creatures vanquished.

Vanquished Creatures (others)
  A quokka (D:3)
  A plant (D:3)
2 creatures vanquished.

Grand Total: 73 creatures vanquished

Notes
Turn   | Place    | Note
-------+----------+-------------------------------------------
     0 | D:1      | porpoise the Octopode Transmuter began the quest for the
                  | Orb.
     0 | D:1      | Reached XP level 1. HP: 13/13 MP: 3/3
   252 | D:1      | Reached XP level 2. HP: 15/18 MP: 3/5
  1191 | D:2      | Reached skill level 1 in Stealth
  1314 | D:2      | Reached XP level 3. HP: 24/24 MP: 4/6
  1525 | D:2      | Noticed Natasha
  1531 | D:2      | Killed Natasha
  1835 | D:2      | Reached XP level 4. HP: 21/29 MP: 5/7
  2733 | D:2      | Noticed Natasha
  2741 | D:2      | Killed Natasha
  2742 | D:2      | Reached skill level 4 in Unarmed Combat
  2742 | D:2      | Reached XP level 5. HP: 29/35 MP: 6/8
  2825 | D:2      | Found a runed translucent door.
  2828 | D:2      | Noticed Crazy Yiuf
  2838 | D:2      | Killed Crazy Yiuf
  3953 | D:3      | Found a white marble altar of Elyvilon.
  3976 | D:3      | Became a worshipper of Elyvilon the Healer
  4121 | D:3      | Found a faded altar of an unknown god.
  4978 | D:4      | You fall into a shaft and drop 3 floors!
  4978 | D:7      | Reached * piety under Elyvilon
  4988 | D:7      | Noticed Maggie
  5105 | D:7      | Reached XP level 6. HP: 42/42 MP: 7/9
  5130 | D:7      | Noticed a wyvern
  5141 | D:7      | Killed a wyvern
  5324 | D:7      | Found a staircase to the Ecumenical Temple.
  5363 | D:7      | Reached skill level 5 in Unarmed Combat
  5576 | D:7      | Reached XP level 7. HP: 44/48 MP: 8/10
  5627 | D:7      | Noticed Pikel
  5773 | D:6      | Noticed Edmund
  5840 | D:6      | Noticed Sigmund
  5874 | D:6      | Slain by Sigmund

Illustrated notes

Levels and vault maps discovered:
D:1:      elethiomel_arrival_maze, layout_basic
D:2:      layout_loops_corners, uniq_natasha, uniq_crazy_yiuf_cottage
D:3:      layout_loops_corners, elyvilon_altar_4,
          shapermc_ecumenical_altar_petra
D:4:      layout_basic, minmay_goblin_outpost
D:6:      layout_loops_cross, uniq_edmund, uniq_prince_ribbit1, uniq_sigmund
D:7:      layout_basic, minmay_temple_entry_from_below_a, uniq_maggie,
          uniq_pikel

Skill      XL: |  1  2  3  4  5  6 |
---------------+-------------------+-----
Stealth        | 1 2 3 |  3.9
Fighting       | 2 3 4 |  4.0
Unarmed Combat | 4 5 |  5.0
Transmutations | 3 |  3.3
Dodging        | |  2.0
Spellcasting   | |  2.0

Action                   |  1- 3 |  4- 6 |  7- 9 || total
-------------------------+-------+-------+-------++-------
Melee: Unarmed           |    56 |    70 |    13 ||   139
       Constrict         |    14 |    15 |     1 ||    30
       Kick              |    11 |    25 |     5 ||    41
       Tentacles         |     6 |     8 |     1 ||    15
       Punch             |       |     1 |       ||     1
 Fire: Hunting sling     |       |    57 |     9 ||    66
Throw: Stone             |    24 |     7 |       ||    31
 Cast: Beastly Appendage |    21 |    24 |     3 ||    48
  Use: Scroll            |       |     5 |       ||     5
       Potion            |       |     1 |     5 ||     6
 Stab: Sleeping          |     5 |     3 |       ||     8
Armor: Skin              |     6 |       |       ||     6
Dodge: Dodged            |    28 |    38 |     7 ||    73

Table legend: (Time is in decaauts)
 A = Elapsed time spent in this place.
 B = Non-inter-level travel time spent in this place.
 C = Inter-level travel time spent in this place.
 D = Time resting spent in this place.
 E = Time spent auto-exploring this place.
 F = Levels seen in this place.
 G = Mean time per level.
                   A        B        C        D        E       F      G
               +--------+--------+--------+--------+--------+-----+--------+
         Total |   5846 |   5747 |     99 |   2216 |   2581 |   6 |  974.3 |
       Dungeon |   5846 |   5747 |     99 |   2216 |   2581 |   6 |  974.3 |
               +--------+--------+--------+--------+--------+-----+--------+

Top non-repeatable levels by time:
     D:2: 2114 daAuts
     D:3: 1610 daAuts
     D:1: 1180 daAuts
     D:7: 786 daAuts
     D:6: 97 daAuts
     D:4: 57 daAuts
